 Dungeon Crawl Stone Soup version 0.30-a0-263-ge22c4ad894 (webtiles) character file.

Game seed: 11644918395725277336

366 gzilladon the Chopper (level 6, -1/53 HPs)
             Began as a Hill Orc Monk on Oct 13, 2022.
             Slain by a gnoll
             ... wielding a +0 spear
             ... led by a gnoll bouda
              (6 damage)
             ... on level 7 of the Dungeon.
             The game lasted 00:13:06 (3611 turns).

gzilladon the Chopper (Hill Orc Monk)               Turns: 3611, Time: 00:13:07

Health: -1/53      AC: 15    Str: 16    XL:     6   Next: 68%
Magic:  6/6        EV:  5    Int: 10    God:
Gold:   138        SH:  0    Dex: 13    Spells: 5/5 levels left

rFire   . . .      SeeInvis .    a - +0 hand axe
rCold   . . .      Faith    .    (no shield)
rNeg    . . .      Spirit   .    z - +0 plate armour
rPois   .          Reflect  .    k - +2 hat
rElec   .          Harm     .    (no cloak)
rCorr   .          Rampage  .    e - +0 pair of gloves
Will    .....                    d - +0 pair of boots
Stlth   ..........               (no amulet)
HPRegen 0.28/turn                (no ring)
MPRegen 0.10/turn                (no ring)

@: weakened
A: no striking features
a: no special abilities


You were on level 7 of the Dungeon.
You visited 1 branch of the dungeon, and saw 5 of its levels.

You collected 138 gold pieces.

Inventory:

Hand Weapons
 a - a +0 hand axe (weapon)
Missiles
 q - 3 silver javelins (quivered)
 w - 2 poisoned darts
Armour
 b - a +0 robe
 d - a +0 pair of boots (worn)
 e - a +0 pair of gloves (worn)
 k - a +2 hat (worn)
 n - a +0 leather armour
 o - a +0 helmet
 s - a +0 ring mail
 z - a +0 plate armour (worn)
Scrolls
 g - a scroll of amnesia {unknown}
 h - a scroll of magic mapping {unknown}
 i - a scroll of blinking {unknown}
 l - a scroll of immolation {unknown}
 m - a scroll of enchant weapon {unknown}
 p - a scroll of butterflies {unknown}
 v - 2 scrolls of torment {unknown}
 x - a scroll of summoning {unknown}
 y - a scroll of enchant armour {unknown}
Potions
 f - 3 potions of heal wounds {unknown}
 j - 3 potions of curing
 r - 2 potions of flight {unknown}
 t - 2 potions of berserk rage {unknown}
 u - a potion of cancellation {unknown}


   Skills:
 + Level 4.4 Fighting
 * Level 7.8 Axes
 + Level 2.2 Armour
 + Level 3.1 Dodging
 + Level 2.0 Stealth


You had 5 spell levels left.
You didn't know any spells.
Your spell library contained the following spells:

 Spells                   Type           Power      Damage    Failure   Level
 Apportation              Tloc           0%         N/A       100%        1
 Cigotuvi's Dreadful Rot  Necr/Pois/Air  0%         N/A       100%        2
 Dispel Undead            Necr           0%         3d6       100%        4
 Alistair's Intoxication  Tmut/Pois      0%         N/A       100%        5
 Death Channel            Necr           0%         N/A       100%        6


Dungeon Overview and Level Annotations

Branches:
Dungeon (4/15)
 Temple: D:4-7

Altars:
Fedhas
Okawaru

Shops:
D:3 =

Annotations:
D:3 1 runed translucent door, Crazy Yiuf


Message History

The gnoll hits you but does no damage. The gnoll bouda barely misses you.
You hit the gnoll bouda.
The gnoll bouda is severely wounded.
You hit the gnoll but do no damage.
The gnoll is no longer moving quickly.
The gnoll barely misses you.
The gnoll hits you from afar with a +0 spear.
* * * LOW HITPOINT WARNING * * *
You barely miss the gnoll bouda.
The gnoll bouda is severely wounded.
You hit the gnoll but do no damage.
The gnoll bouda barks out a call to the hunt!
The gnoll picks up the pace!
The gnoll hits you from afar with a +0 spear.
* * * LOW HITPOINT WARNING * * *
The gnoll hits you but does no damage.
You barely miss the gnoll bouda.
The gnoll bouda is severely wounded.
You hit the gnoll.
The gnoll bouda hits you but does no damage.
The gnoll hits you with a +0 club.
* * * LOW HITPOINT WARNING * * *
The gnoll hits you but does no damage.
You closely miss the gnoll bouda.
The gnoll bouda is severely wounded.
You hit the gnoll.
The gnoll bouda hits you with a +0 club.
* * * LOW HITPOINT WARNING * * *
The gnoll hits you but does no damage. x2
You hit the gnoll bouda but do no damage.
The gnoll bouda is severely wounded.
You hit the gnoll.
The gnoll bouda calls upon its god to heal the gnoll.
The gnoll is healed somewhat.
The gnoll hits you but does no damage. x2
You hit the gnoll bouda.
The gnoll bouda is almost dead.
You hit the gnoll.
The gnoll bouda prays to its god.
The gnoll bouda is healed somewhat.
The gnoll hits you from afar with a +0 spear.
You die...

#...... ... #..... ....
#..... ..# #....# ...#
#....##...##
#..........# .
#....g.....# ..
#.gg.......#
...##..@!####### ##
.......).##...#####.#
........)...........####
...................##...
........................
........................
........................
########################


You could see a gnoll bouda and 2 gnolls.

Vanquished Creatures
  A phantom (D:4)
  A necrophage (D:4)
  A jelly (D:4)
  Robin (D:2)
  6 adders
  7 gnolls
  A worm (D:2)
  A dart slug (D:4)
  8 ball pythons
  4 bats
  An endoplasm (D:4)
  4 giant cockroaches
  14 goblins
  7 hobgoblins
  A jackal (D:1)
  4 kobolds
  A quokka (D:1)
  2 frilled lizards (D:3)
  9 rats
74 creatures vanquished.

Notes
Turn   | Place    | Note
-------+----------+-------------------------------------------
     0 | D:1      | gzilladon the Hill Orc Monk began the quest for the Orb.
     0 | D:1      | Reached XP level 1. HP: 19/19 MP: 1/1
   162 | D:1      | Found a faded altar of an unknown god.
   182 | D:1      | Reached XP level 2. HP: 20/27 MP: 2/2
   640 | D:1      | Reached XP level 3. HP: 29/33 MP: 3/3
  1256 | D:2      | Noticed Robin
  1270 | D:2      | Reached skill level 5 in Axes
  1286 | D:2      | Killed Robin
  1287 | D:2      | Reached XP level 4. HP: 12/40 MP: 4/4
  1881 | D:2      | Found a blossoming altar of Fedhas.
  1992 | D:3      | Found Zemios's Jewellery Shoppe.
  2057 | D:3      | Reached skill level 6 in Axes
  2057 | D:3      | Reached XP level 5. HP: 43/46 MP: 5/5
  2187 | D:3      | Reached skill level 1 in Armour
  2577 | D:3      | Found a runed translucent door.
  2578 | D:3      | Noticed Crazy Yiuf
  2921 | D:4      | Reached XP level 6. HP: 40/53 MP: 6/6
  3021 | D:4      | Reached skill level 7 in Axes
  3108 | D:4      | Found an iron altar of Okawaru.
  3550 | D:4      | You fall into a shaft and drop 3 floors!
  3599 | D:7      | HP: 1/53 [gnoll/+0 spear[a gnoll bouda] (4)]
  3611 | D:7      | Slain by a gnoll

Illustrated notes

Levels and vault maps discovered:
D:1:      dpeg_chamrin_arrival_tetris, layout_loops_ring,
          ebering_ecumenical_altar_rust, chequers_decorated_corner,
          serial_park_tiny_1, serial_park_tiny_2, st_stairs_5,
          minmay_tetromino_s4
D:2:      layout_rooms, basic_altar, minmay_curled_crystal, bh_walls_and_bars,
          uniq_robin
D:3:      layout_loops_cross, serial_shops, nicolae_shop_trees,
          uniq_crazy_yiuf_cottage
D:4:      layout_loops_corners, okawaru_gym_becter, minmay_misc_feat_x
D:7:      layout_gridville, jmf_multi_god_temple2

Skill      XL: |  1  2  3  4  5  6 |
---------------+-------------------+-----
Fighting       | 4 |  4.4
Axes           | 5 6 7 |  7.8
Stealth        | 2 |  2.0
Armour         | 1 2 |  2.2
Dodging        | 3 |  3.1

Action                   |  1- 3 |  4- 6 || total
-------------------------+-------+-------++-------
Melee: Hand axe          |    91 |   165 ||   256
       Punch             |     2 |     1 ||     3
  Use: Potion            |       |     1 ||     1
 Stab: Sleeping          |     1 |       ||     1
Armor: Robe              |    25 |       ||    25
       Leather armour    |    29 |    17 ||    46
       Ring mail         |       |    42 ||    42
       Plate armour      |       |    52 ||    52
Dodge: Dodged            |    88 |   105 ||   193

Table legend: (Time is in decaauts)
 A = Elapsed time spent in this place.
 B = Non-inter-level travel time spent in this place.
 C = Inter-level travel time spent in this place.
 D = Time resting spent in this place.
 E = Time spent auto-exploring this place.
 F = Levels seen in this place.
 G = Mean time per level.
                   A        B        C        D        E       F      G
               +--------+--------+--------+--------+--------+-----+--------+
         Total |   3611 |   2859 |    752 |    489 |      0 |   5 |  722.2 |
       Dungeon |   3611 |   2859 |    752 |    489 |      0 |   5 |  722.2 |
               +--------+--------+--------+--------+--------+-----+--------+

Top non-repeatable levels by time:
     D:1: 1234 daAuts
     D:3: 899 daAuts
     D:2: 754 daAuts
     D:4: 664 daAuts
     D:7: 58 daAuts
